Map: [ESL] Ancient Cistern

Players

Reynor

  • Race: Zerg Zerg
  • Spawn Location: 1:00

ByuN - Winner!

  • Race: Terran Terran
  • Spawn Location: 7:00

Event: ESL SC2 Masters 2023 Summer (Finals)

VOD

Have the link to the VOD?

Description

Time

  • Played on: June 18, 2023, 8:03 a.m.
  • Length: 18:52

All games in this series

Show
View Real Time Build Order
Export as new Build Order

Reynor Zerg 

Build Orders: Hatch First 

Get SALT Encoding   

  12  0:00  Drone  
  13  0:12  Overlord  
  13  0:16  Drone  
  14  0:30  Drone x2  
  16  0:47  Hatchery  
  15  0:50  Drone  
  15  0:54  Drone  
  17  0:58  Drone  
  18  1:04  Extractor  
  17  1:13  Spawning Pool  
  17  1:16  Drone  
  17  1:20  Drone  
  18  1:27  Drone  
  19  1:38  Drone  
  20  1:49  Overlord  
  20  1:59  Queen x2  
  20  2:00  Zergling x4  
  26  2:11  Metabolic Boost  
  26  2:13  Zergling x2  
  26  2:14  Drone  
  28  2:24  Zergling x2  
  28  2:26  Drone  
  29  2:34  Drone  
  30  2:39  Overlord, Queen x2  
  30  2:43  Zergling x2  
  35  2:56  Zergling x2  
  35  2:58  Drone x2  
  35  3:04  Drone x2  
  39  3:08  Overlord  
  39  3:09  Drone x2  
  41  3:13  Overlord, Drone  
  41  3:15  Drone  
  43  3:24  Evolution Chamber  
  43  3:25  Zergling x2  
  43  3:27  Drone  
  44  3:37  Zergling x4  
  44  3:38  Drone  
  43  3:41  Zergling x2  
  43  3:47  Drone  
  43  3:48  Drone x3  
  47  3:50  Zergling x2  
  47  3:51  Overlord  
  47  3:52  Drone x2  
  50  4:05  Drone x2  
  50  4:07  Hatchery  
  50  4:09  Zerg Ground Armor Level 1  
  49  4:13  Queen  
  49  4:16  Drone  
  52  4:17  Drone  
  52  4:20  Drone x2  
  52  4:21  Extractor  
  52  4:23  Drone  
  52  4:24  Drone  
  56  4:30  Baneling Nest  
  55  4:33  Queen  
  55  4:36  Overlord  
  55  4:38  Drone  
  58  4:39  Drone  
  58  4:42  Drone x2  
  61  4:48  Drone  
  61  4:49  Drone  
  61  4:50  Zergling x2  
  61  4:51  Zergling x4  
  68  5:01  Zergling x4  
  68  5:02  Lair  
  68  5:04  Zergling x2  
  68  5:05  Zergling x4  
  71  5:10  Overlord  
  71  5:11  Queen  
  73  5:15  Baneling x5  
  73  5:16  Zergling x2  
  73  5:19  Zergling x2  
  75  5:22  Zergling x2  
  75  5:23  Zergling x2  
  75  5:26  Baneling x2  
  77  5:30  Zergling x2  
  77  5:31  Zergling x6  
  74  5:36  Zergling x8  
  74  5:37  Zergling x2  
  74  5:42  Drone  
  67  5:45  Pneumatized Carapace  
  67  5:46  Drone  
  67  5:47  Drone  
  67  5:49  Queen  
  68  5:50  Drone  
  68  5:51  Drone x2  
  68  5:53  Drone  
  72  5:57  Drone  
  72  5:58  Drone x3  
  72  6:00  Drone  
  77  6:04  Drone  
  77  6:08  Drone  
  77  6:09  Drone, Centrifugal Hooks  
  80  6:13  Extractor x2  
  80  6:14  Drone  
  79  6:19  Overlord, Drone  
  79  6:24  Drone  
  81  6:26  Drone x2  
  81  6:28  Drone  
  81  6:31  Baneling x2  
  81  6:32  Baneling x2  
  84  6:34  Drone x2  
  84  6:35  Hatchery  
  84  6:36  Queen  
  87  6:40  Zergling x4  
  87  6:43  Zergling x2  
  87  6:47  Drone, Zerg Melee Weapons Level 1  
  90  6:52  Zergling x2  
  90  6:53  Overlord  
  92  6:58  Zergling x10  
  92  6:59  Zergling x2  
  98  7:02  Overlord  
  98  7:07  Drone  
  98  7:08  Overlord  
  98  7:12  Overlord  
  98  7:13  Drone  
  98  7:14  Zergling x4  
  98  7:15  Evolution Chamber  
  100  7:17  Baneling x11  
  100  7:18  Zergling x2  
  100  7:21  Zergling x2  
  102  7:25  Drone  
  102  7:26  Drone x3  
  106  7:30  Overlord  
  106  7:34  Zergling x2  
  106  7:36  Zergling x2  
  106  7:39  Spore Crawler  
  106  7:40  Zergling x2  
  100  7:45  Zergling x6  
  100  7:46  Zergling x8  
  104  7:53  Zergling x4  
  104  8:01  Zergling x8  
  104  8:04  Zergling x2, Zerg Ground Armor Level 2  
  104  8:05  Queen, Hydralisk Den  
  108  8:06  Zergling x4  
  108  8:09  Zergling x2  
  108  8:11  Baneling x9  
  113  8:15  Drone x5  
  113  8:16  Queen  
  113  8:17  Drone  
  113  8:19  Drone  
  122  8:25  Zergling x4, Spore Crawler  
  124  8:27  Drone  
  124  8:29  Spore Crawler  
  124  8:31  Drone  
  124  8:33  Drone, Hatchery  
  124  8:34  Extractor  
  123  8:37  Baneling x2  
  123  8:38  Drone, Baneling x3  
  123  8:39  Drone  
  123  8:40  Drone x4  
  123  8:41  Spore Crawler  
  128  8:42  Extractor  
  128  8:44  Zergling x6  
  122  8:50  Zergling x4  
  122  8:55  Zergling x8  
  125  8:56  Overlord  
  125  8:58  Muscular Augments  
  124  9:03  Drone x3, Spore Crawler  
  124  9:05  Zerg Missile Weapons Level 1, Drone  
  124  9:06  Drone x2  
  124  9:07  Drone  
  130  9:10  Spore Crawler  
  130  9:11  Spore Crawler  
  130  9:12  Drone x2  
  130  9:13  Overseer  
  130  9:19  Hydralisk x3  
  130  9:23  Spore Crawler  
  135  9:24  Hydralisk x3  
  137  9:31  Hydralisk  
  137  9:32  Zergling x8  
  139  9:39  Hydralisk x2  
  139  9:41  Overlord x2  
  138  9:46  Zergling x10  
  138  9:47  Overlord  
  143  9:56  Drone x6  
  143  9:59  Hydralisk x3  
  149  10:03  Baneling  
  149  10:04  Baneling x8  
  154  10:10  Zergling x12  
  151  10:15  Hydralisk x3  
  157  10:23  Grooved Spines  
  157  10:25  Hydralisk, Zergling x12  
  156  10:28  Overlord  
  156  10:33  Drone x5  
  156  10:34  Drone x2  
  155  10:48  Zergling x18  
  155  10:49  Overseer  
  143  10:51  Queen  
  144  10:57  Drone x3, Queen  
  144  10:58  Hydralisk x2  
  144  11:00  Baneling x7  
  153  11:05  Hydralisk x2, Zergling x4  
  153  11:09  Baneling x4  
  153  11:10  Baneling  
  153  11:11  Hydralisk x2  
  159  11:18  Zergling x16  
  169  11:25  Zergling x16  
  157  11:31  Hydralisk x2  
  157  11:32  Hydralisk  
  148  11:34  Hydralisk x2  
  148  11:35  Hydralisk, Zergling x2  
  148  11:39  Hydralisk  
  151  11:46  Hatchery  
  150  11:49  Hydralisk x2, Zergling x2  
  150  11:50  Zergling x2  
  156  11:57  Hydralisk x5  
  160  12:03  Zergling x4  
  159  12:10  Zergling x8  
  159  12:12  Baneling  
  159  12:13  Baneling x6, Zerg Missile Weapons Level 2  
  163  12:16  Hydralisk  
  163  12:17  Zergling x8  
  163  12:20  Overlord x2  
  163  12:22  Overlord  
  168  12:29  Overlord  
  167  12:38  Zergling x14  
  167  12:40  Hydralisk x3  
  171  12:45  Hydralisk x3  
  171  12:47  Zergling x2  
  171  12:51  Hydralisk x3  
  169  12:58  Hydralisk x2, Zergling x6  
  175  12:59  Zergling x2  
  175  13:01  Overseer  
  178  13:06  Hydralisk  
  178  13:07  Zergling x6  
  178  13:08  Zergling x2  
  178  13:09  Overseer  
  178  13:11  Zergling x6  
  187  13:15  Hydralisk x2  
  187  13:19  Overseer  
  191  13:21  Infestation Pit  
  191  13:22  Hydralisk  
  191  13:23  Zergling x6  
  191  13:25  Hydralisk  
  188  13:31  Hydralisk x2  
  188  13:33  Hydralisk x2  
  184  13:36  Overlord  
  184  13:38  Hydralisk  
  184  13:39  Zergling x4  
  184  13:40  Overseer  
  189  13:44  Baneling x8  
  189  13:46  Zergling x12  
  193  13:54  Zergling x12  
  197  13:56  Overlord  
  197  13:58  Queen  
  197  13:59  Hive  
  197  14:01  Zergling x4, Lurker Den  
  195  14:07  Zergling x6  
  196  14:12  Zergling x8  
  198  14:17  Baneling x13  
  198  14:18  Hatchery  
  198  14:22  Zergling x4  
  198  14:23  Zergling x2  
  199  14:29  Zergling x16  
  197  14:31  Zergling x6  
  197  14:34  Hydralisk  
  197  14:35  Zergling x6  
  179  14:41  Zergling x6  
  179  14:44  Zergling x6  
  179  14:45  Hydralisk, Zergling x2  
  177  14:46  Zergling x2  
  177  14:47  Zergling x2  
  182  14:55  Hydralisk x3  
  182  14:59  Zergling x2  
  186  15:00  Zergling x2  
  186  15:01  Hydralisk  
  180  15:07  Lurker x4  
  180  15:09  Hydralisk, Zergling x2  
  180  15:10  Zergling x4  
  180  15:12  Lurker, Seismic Spines  
  180  15:13  Zergling x2  
  190  15:18  Spore Crawler  
  190  15:19  Lurker x3  
  192  15:22  Zergling x16  
  200  15:30  Baneling x7  
  200  15:39  Extractor  
  200  15:42  Extractor  
  198  15:43  Overlord  
  190  15:52  Zergling x26  
  191  16:00  Hydralisk  
  191  16:01  Zergling x20  
  191  16:03  Hydralisk, Zergling x2  
  191  16:04  Zergling x4  
  183  16:05  Zergling x4  
  183  16:11  Hydralisk x2  
  163  16:12  Zergling x6  
  163  16:14  Overlord  
  158  16:18  Zergling x2  
  158  16:19  Zergling x4  
  158  16:22  Adaptive Talons  
  158  16:24  Hydralisk  
  158  16:25  Zergling x4  
  151  16:27  Lurker x3  
  151  16:29  Lurker  
  151  16:30  Zergling x2  
  151  16:31  Zergling x2  
  156  16:33  Zergling x2  
  156  16:34  Zergling x2  
  156  16:36  Zergling x4  
  156  16:41  Hatchery  
  152  16:47  Drone x4  
  152  16:48  Overseer  
  152  16:51  Hatchery  
  152  16:52  Drone  
  150  16:58  Zergling x10  
  148  17:05  Lurker x2  
  145  17:10  Zergling x6  
  145  17:15  Lurker  
  148  17:16  Drone  
  148  17:18  Drone  
  148  17:20  Drone  
  149  17:25  Lurker  
  149  17:28  Zergling x2  
  146  17:31  Drone x2  
  146  17:41  Hydralisk, Zergling x8  
  146  17:42  Zergling x2  
  153  17:51  Hatchery  
  143  18:09  Zergling x24  
  128  18:20  Drone x3  
  128  18:21  Drone x2  
  128  18:24  Hydralisk  
  133  18:28  Lurker x5  
  133  18:29  Lurker x2  
  133  18:32  Lurker  
Show
View Real Time Build Order
Export as new Build Order

ByuN Terran - Winner!

Build Orders:  

Get SALT Encoding   

  12  0:00  SCV  
  13  0:12  SCV  
  14  0:17  Supply Depot  
  14  0:24  SCV  
  15  0:38  SCV  
  15  0:39  Barracks  
  16  0:43  Refinery  
  16  0:51  SCV  
  17  1:00  Barracks  
  17  1:03  SCV  
  18  1:15  SCV  
  19  1:26  Reaper  
  19  1:27  Orbital Command  
  19  1:32  Supply Depot  
  20  1:47  Reaper  
  21  1:52  SCV  
  22  2:02  Reaper  
  22  2:04  SCV  
  24  2:12  Command Center  
  24  2:17  SCV  
  24  2:21  Barracks Reactor  
  25  2:29  SCV  
  26  2:31  Barracks  
  26  2:35  Barracks Tech Lab  
  26  2:39  Supply Depot  
  26  2:41  SCV  
  27  2:50  Barracks  
  27  2:53  SCV  
  28  2:58  Marine  
  28  2:59  Marine x2  
  28  3:05  SCV  
  32  3:08  Stimpack  
  32  3:16  Marine  
  32  3:17  SCV  
  32  3:18  Marine  
  35  3:22  Barracks Tech Lab  
  35  3:24  Orbital Command  
  35  3:27  Marine  
  35  3:29  SCV  
  37  3:40  Marine x2  
  39  3:41  SCV  
  39  3:44  Marine x2  
  39  3:45  Marine  
  43  3:51  Supply Depot  
  43  3:52  SCV  
  43  3:53  SCV  
  45  3:56  Combat Shield  
  45  3:57  Marine  
  45  3:58  Marine  
  47  4:04  SCV  
  47  4:06  SCV  
  47  4:08  Marine x3  
  49  4:15  Marine x2, Supply Depot  
  51  4:19  SCV x2  
  53  4:25  Marine  
  53  4:26  Marine x2  
  53  4:31  SCV x2  
  58  4:33  Marine x2  
  60  4:43  SCV x2, Marine  
  60  4:44  Supply Depot  
  60  4:45  Marine, Barracks Reactor  
  65  4:48  Command Center  
  64  4:55  SCV x2  
  64  4:56  Refinery  
  64  4:58  Refinery  
  64  4:59  Factory  
  66  5:05  Marine x3  
  66  5:06  Marine  
  70  5:08  Supply Depot  
  70  5:12  SCV x2  
  72  5:19  Engineering Bay  
  72  5:21  Engineering Bay  
  72  5:25  Refinery  
  72  5:27  SCV  
  73  5:30  Marine x2  
  71  5:36  Marine x2  
  71  5:41  SCV x2, Marine  
  71  5:42  Marine  
  75  5:48  Starport, Factory Reactor  
  57  5:51  Marine x2  
  57  5:55  Terran Infantry Armor Level 1  
  59  5:57  Terran Infantry Weapons Level 1  
  59  5:59  Marine  
  59  6:04  Orbital Command  
  60  6:06  Marine x2  
  62  6:13  Barracks  
  62  6:14  SCV x2  
  62  6:16  Barracks Reactor  
  64  6:22  Marine  
  64  6:23  Marine x2  
  64  6:24  Marine x2  
  69  6:31  Armory  
  69  6:32  Orbital Command, Medivac x2, Factory Reactor  
  71  6:36  SCV  
  71  6:37  SCV  
  75  6:40  Marine x2  
  75  6:41  Supply Depot  
  75  6:42  Marine  
  78  6:48  Marine x2, SCV  
  78  6:49  SCV  
  82  6:58  Marine x2, SCV  
  82  7:00  Marine  
  82  7:01  SCV x2  
  88  7:02  Supply Depot  
  88  7:06  Marine x2, Barracks Reactor  
  88  7:07  Marine x2  
  92  7:16  Marine x2  
  92  7:18  SCV x3, Marine  
  92  7:21  Supply Depot  
  92  7:22  Medivac x2  
  102  7:23  Widow Mine x2, Missile Turret  
  102  7:24  Marine x2  
  102  7:25  Marine  
  102  7:27  Missile Turret  
  109  7:32  SCV x2  
  109  7:35  Marine x3  
  113  7:37  Marine  
  113  7:41  Marine x2  
  113  7:42  Marine x2  
  113  7:43  Marine, SCV  
  111  7:45  SCV x2  
  111  7:47  Widow Mine x2  
  115  7:52  Medivac x2  
  115  7:53  Marine  
  115  7:55  SCV  
  115  7:56  Terran Infantry Weapons Level 2  
  112  8:00  SCV x2  
  112  8:02  Terran Infantry Armor Level 2  
  114  8:07  Marine x2, SCV  
  114  8:12  Marine x5  
  117  8:13  SCV  
  117  8:17  Marine, Supply Depot  
  117  8:18  Supply Depot  
  117  8:19  Marine  
  125  8:35  Supply Depot  
  125  8:38  Marine x6, SCV x2  
  125  8:39  Marine x2, Medivac x2, SCV  
  140  8:45  Supply Depot  
  121  8:49  Marine  
  121  8:51  SCV  
  121  8:55  Widow Mine x2  
  125  8:56  Marine x4  
  125  8:57  SCV  
  125  8:59  Supply Depot  
  130  9:03  Marine  
  130  9:04  Marine  
  130  9:05  Marine x2  
  130  9:07  Marine  
  130  9:09  Command Center  
  135  9:14  Marine x2  
  135  9:15  Marine x2  
  137  9:19  Widow Mine x2  
  137  9:21  Marine x2  
  143  9:31  Marine  
  144  9:32  Medivac x2  
  144  9:37  Marine  
  146  9:40  Widow Mine x2, Marine x4  
  146  9:45  Marine x2  
  154  9:46  Marine  
  154  9:49  Marine  
  154  9:51  Barracks x2  
  154  9:52  Barracks  
  156  10:02  Medivac x2  
  156  10:05  Supply Depot  
  156  10:06  Supply Depot x2  
  160  10:09  Marine  
  160  10:10  Marine x3  
  160  10:11  Marauder  
  160  10:12  Widow Mine  
  157  10:14  Marine  
  157  10:16  Widow Mine  
  157  10:17  Marine  
  157  10:19  Marine  
  157  10:20  Marine  
  159  10:27  Marine x2  
  159  10:32  Medivac x2  
  159  10:33  Widow Mine  
  159  10:35  Marine  
  166  10:37  Widow Mine  
  166  10:39  Marine x3  
  166  10:41  Barracks Tech Lab x3  
  151  10:50  SCV x2  
  151  10:51  Marine  
  151  10:55  Marine x4, Marauder  
  156  10:58  SCV  
  156  11:02  SCV  
  156  11:03  Terran Infantry Weapons Level 3  
  158  11:04  Concussive Shells  
  156  11:11  Terran Infantry Armor Level 3  
  156  11:15  Orbital Command  
  154  11:25  Marine x2  
  132  11:27  Marine x2  
  132  11:29  Marauder  
  132  11:30  Marauder, Marine  
  134  11:34  Widow Mine x2, Marine  
  134  11:35  Marine x4  
  142  11:43  Marine x2  
  142  11:45  Marine  
  142  11:46  Marine  
  145  11:47  Marine  
  145  11:51  Marauder  
  145  11:53  Medivac x2  
  154  11:54  Marine x3  
  154  11:55  Widow Mine x2  
  154  11:58  Marauder x2  
  158  12:08  Marine x4  
  152  12:09  Marine x2  
  152  12:12  Marauder  
  160  12:20  Marauder x2  
  160  12:22  Marine x2  
  156  12:23  Medivac x2  
  156  12:26  Marine x3  
  156  12:27  Marauder, Marine x2  
  156  12:28  Marine  
  171  12:30  Widow Mine  
  171  12:34  Marauder  
  171  12:41  Marauder x2  
  171  12:46  Marine x2  
  171  12:49  Widow Mine  
  172  12:51  Widow Mine  
  172  12:53  Medivac x2  
  172  12:54  Marine  
  157  12:58  Marine  
  157  12:59  Marine x2  
  157  13:00  Marine x2  
  157  13:03  Marauder x2, Marine x2  
  157  13:04  Marine x2  
  167  13:09  Command Center  
  167  13:10  Widow Mine, Ghost Academy  
  167  13:12  Marine  
  170  13:16  Marine x2  
  170  13:17  Marine  
  171  13:21  Marauder  
  171  13:22  Marauder  
  171  13:23  Medivac x2  
  171  13:24  Marauder x2  
  173  13:29  Marine x2  
  166  13:35  Widow Mine x2  
  166  13:37  Marine  
  166  13:38  Marine x5  
  170  13:43  Marauder x2  
  170  13:45  Marauder x2  
  178  13:53  Medivac  
  173  13:57  Widow Mine x2  
  173  13:59  Marine x6  
  173  14:00  Marine x2  
  185  14:04  Marauder x2  
  185  14:07  Marauder x2  
  189  14:17  Marine x5  
  187  14:18  Widow Mine x2  
  187  14:19  Marine x2  
  187  14:21  Marine  
  197  14:26  Marauder x2  
  197  14:28  Marauder x2  
  200  14:34  Marine x2  
  200  14:35  Marine x3  
  200  14:37  Marine x2  
  174  14:39  Widow Mine x2  
  174  14:40  Marine  
  161  14:46  Marine  
  161  14:47  Marine  
  161  14:49  Marauder x2  
  161  14:52  Marine x3  
  166  14:53  Marine x2  
  166  14:54  Marine  
  169  15:01  Widow Mine x2  
  169  15:05  Marauder x2  
  169  15:06  Marine x2  
  171  15:10  Marine x3  
  171  15:11  Marauder  
  171  15:12  Marauder, Medivac x2  
  182  15:18  Marine x2  
  184  15:21  Planetary Fortress  
  184  15:22  Widow Mine x2  
  184  15:26  Marauder  
  190  15:32  Marine x2  
  192  15:35  Marine  
  192  15:36  Marine  
  192  15:37  Marine  
  192  15:42  Medivac  
  195  15:43  Widow Mine  
  192  15:53  Marauder x2  
  192  15:54  Marine  
  192  15:56  Marine x2  
  182  15:58  Widow Mine  
  182  16:00  Marine x2  
  172  16:04  Marine x3  
  172  16:05  Widow Mine, Marine, Marauder  
  172  16:12  Marine  
  172  16:13  Ghost  
  172  16:14  Marine x2, Ghost  
  172  16:17  Marine  
  172  16:18  Marine  
  180  16:20  Widow Mine  
  180  16:22  Marine x2, Ghost  
  179  16:26  Widow Mine, Marine x2  
  167  16:40  Marine x7  
  167  16:41  Widow Mine  
  167  16:43  Marauder x2, Ghost  
  167  16:44  Marine, Refinery  
  167  16:45  Refinery  
  181  16:48  Widow Mine  
  181  16:51  Marine  
  184  16:58  Marine  
  176  17:02  Marine x2  
  176  17:03  Widow Mine  
  176  17:04  Marauder x2  
  176  17:05  Marine x2  
  182  17:09  Widow Mine, Marauder  
  182  17:10  Marine x2  
  182  17:11  Marine  
  182  17:13  Marauder  
  183  17:15  Marine  
  183  17:19  Refinery  
  178  17:23  Marine x2  
  178  17:24  Widow Mine, Marine  
  178  17:25  Ghost  
  178  17:26  Marauder  
  186  17:30  Ghost  
  186  17:35  Marine x3, Refinery  
  186  17:36  Marine  
  186  17:37  Ghost  
  194  17:46  Ghost  
  194  17:49  Refinery x2  
  196  17:59  Ghost  
  196  18:05  Ghost x2  
  189  18:15  Ghost  
  191  18:23  Marine x2  
  189  18:27  Marine x2  
Tags
 
Add a new tag
Caveats
  • Supply blocks, unpowered buildings, or Contaminate may cause inaccurate times.
  • Supply counts are checked every 10 seconds.